 Dungeon Crawl Stone Soup version 0.32-a0-473-gd044c6f0f0 (webtiles) character file.

Game seed: 16273369535663977499

750 BubbleThief the Ruffian (level 7, -1/49 HPs)
             Began as an Octopode Shapeshifter on Feb 25, 2024.
             Was an Initiate of Wu Jian.
             Killed from afar by a steam dragon (9 damage)
             ... with a ball of steam
             ... on level 5 of the Dungeon.
             The game lasted 00:04:57 (3535 turns).

BubbleThief the Ruffian (Octopode Shapeshifter)     Turns: 3535, Time: 00:04:58

Health: -1/49      AC:  5    Str: 15    XL:     7   Next: 78%
Magic:  7/7        EV: 13    Int: 12    God:    Wu Jian [......]
Gold:   18         SH:  0    Dex: 12    Spells: 6/6 levels left

rFire   . .          .
                       - Unarmed
rCold   . . .        (no shield)
rNeg    . . .        (helmet currently unavailable)
rPois   .            (no amulet)
rElec   .            g - ring of wizardry
rCorr   .            p - +4 ring of protection
SInv    .            q - ring of flight
Will    .....        (no ring)
Stlth   ++           (no ring)
HPRegen 0.28/turn    (no ring)
MPRegen 0.10/turn    (no ring)
                     (no ring)

%: wizardry (x1)
@: beast-form, flying
A: beast (slay +3), almost no armour, amphibious, 8 rings, camouflage 1,
gelatinous body 1, (nimble swimmer 1), tentacles
a: Begin Untransformation, Renounce Religion


You were on level 5 of the Dungeon.
You worshipped Wu Jian.
Wu Jian was noncommittal.
You were a hulking beast.
You visited 2 branches of the dungeon, and saw 6 of its levels.

You collected 210 gold pieces.
You spent 192 gold pieces at shops.

Inventory:

Missiles
 u - a throwing net (quivered)
Armour
 r - a +0 cloak
Jewellery
 g - a ring of wizardry (left tentacle)
 p - a +4 ring of protection (right tentacle)
 q - a ring of flight (on tentacle)
Talismans
 b - a beast talisman (active)
 c - a flux talisman
Wands
 t - a wand of digging (5)
 v - a wand of flame (9)
 x - a wand of paralysis (2)
Scrolls
 e - a scroll of amnesia {unknown}
 f - 11 scrolls of identify {unknown}
 j - 2 scrolls of teleportation {unknown}
 l - a scroll of fear {unknown}
 m - a scroll of fog {unknown}
 n - 2 scrolls of immolation {unknown}
 s - 2 scrolls of noise {unknown}
 w - a scroll of poison {unknown}
Potions
 a - 4 potions of lignification
 d - a potion of cancellation {unknown}
 h - 2 potions of might {unknown}
 i - a potion of mutation {unknown}
 k - a potion of heal wounds {unknown}
 o - a potion of berserk rage {unknown}
 z - 2 potions of enlightenment {unknown}
 A - a potion of experience {unknown}


   Skills:
 + Level 4.8 Fighting
 - Level 2.0 Dodging
 + Level 5.6 Unarmed Combat
 + Level 5.2 Shapeshifting


You had 6 spell levels left.
You didn't know any spells.
Your spell library contained the following spells:

 Spells                   Type           Power      Damage    Failure   Level
 Fugue of the Fallen      Necr           0%         N/A       36%         3
 Ozocubu's Armour         Ice            0%         N/A       36%         3
 Animate Dead             Necr           0%         N/A       75%         4
 Manifold Assault         Tloc           0%         N/A       75%         4
 Borgnjor's Vile Clutch   Necr/Erth      0%         N/A       97%         5
 Death Channel            Necr           0%         N/A       100%        6


Dungeon Overview and Level Annotations

Branches:
Dungeon (5/15)             Temple (1/1) D:5

Altars:
Cheibriados
Dithmenos
Elyvilon
Gozag
Makhleb
Nemelex Xobeh
Okawaru
Qazlal
Sif Muna
Trog
Wu Jian
The Shining One

Shops:
D:1 !   D:4 *

Annotations:
D:3 1 runed translucent door, Crazy Yiuf


Innate Abilities, Weirdness & Mutations

You are a hulking beast.
Your limbs bulge with bestial killing power. (Slay +3)
You cannot wear most types of armour.
You are amphibious.
You can wear up to eight rings at the same time.
Your skin changes colour to match your surroundings (Stealth+).
Your rubbery body absorbs attacks. (AC +1, EV +1)
((You are camouflaged when in or above water. (Stealth+)))
You have tentacles for arms and can constrict up to eight enemies at once.


Message History

The orc is moderately wounded.
You constrict the orc. The orc hits you but does no damage.
You bludgeon the orc!
You kill the orc!
The Council accepts your kill. The orc closely misses you.
Aiming: Throw Flame
Press: ? - help, Shift-Dir - straight line, f - steam dragon
Aim: a steam dragon (68% to hit)
The puff of flame misses the steam dragon.
The orc hits you but does no damage.
Unknown command.
Unknown command.
You tentacle-slap the steam dragon.
The steam dragon is moderately wounded.
The steam dragon closely misses you. The steam dragon claws you.
You closely miss the steam dragon.
The steam dragon is moderately wounded.
The orc hits you from afar with a +0 trident.
The steam dragon bites you but does no damage.
The steam dragon claws you.
You tentacle-slap the steam dragon.
You squeeze the steam dragon, but do no damage.
The steam dragon is moderately wounded.
The orc hits you from afar with a +0 trident!
The steam dragon closely misses you. The steam dragon claws you.
* * * LOW HITPOINT WARNING * * *
Unknown command.
You barely miss the steam dragon.
The steam dragon is moderately wounded.
The orc hits you from afar with a +0 trident.
* * * LOW HITPOINT WARNING * * *
The steam dragon barely misses you. x2
Unknown command.
You bludgeon the steam dragon! You squeeze the steam dragon.
The steam dragon is almost dead.
The orc closely misses you. The steam dragon breathes steam at you.
The ball of steam hits you!
You die...

######+#### # #.........# #
#### #.........# # ...#
#.........# # ...# #.........#
# ...# #.........# # ####
#.....oo..# # #D# # ##### #h# #
....############.# ####
###............#.# #...
##...........#.# #.##
##..........#.#############.# #
#..........#...............# #
#..........#############..## #
#..........รท........# ##..#
#####...........#######.###...#


You could see a steam dragon (catching breath) and 2 orcs.

Vanquished Creatures
  A wyvern (D:5)
  An ice beast (D:5)
  Blork the orc (D:4)
  A scorpion (D:5)
  An orc priest (D:5)
  A gnoll bouda (D:5)
  A hound (D:5)
  2 iguanas
  7 gnolls
  8 adders
  A shadow imp (D:5)
  A dart slug (D:4)
  A ribbon worm (D:2)
  6 orcs
  8 endoplasms
  4 giant cockroaches
  11 goblins
  7 hobgoblins
  4 jackals (D:1)
  9 kobolds
  5 quokkas
  6 ball pythons
  5 bats
  5 frilled lizards
  5 rats
102 creatures vanquished.

Notes
Turn   | Place    | Note
-------+----------+-------------------------------------------
     0 | D:1      | BubbleThief the Octopode Shapeshifter began the quest for
                  | the Orb.
     0 | D:1      | Reached XP level 1. HP: 13/13 MP: 1/1
   106 | D:1      | Reached XP level 2. HP: 18/18 MP: 2/2
   287 | D:1      | Reached XP level 3. HP: 11/24 MP: 3/3
   352 | D:1      | Found Xeyptyz's Distillery.
   840 | D:2      | Found a faded altar of an unknown god.
   864 | D:2      | Reached XP level 4. HP: 25/29 MP: 4/4
  1015 | D:2      | Identified the +0 scale mail of Greed {rN+}
  1671 | D:3      | Found a runed translucent door.
  1672 | D:3      | Noticed Crazy Yiuf
  2001 | D:3      | Reached XP level 5. HP: 32/36 MP: 5/5
  2147 | D:4      | Noticed Blork the orc
  2157 | D:4      | Killed Blork the orc
  2264 | D:4      | Reached XP level 6. HP: 42/42 MP: 6/6
  2338 | D:4      | Identified the +5 spear "Beetlebane" {heavy, ^Contam rPois
                  | rN+ SInv}
  2511 | D:4      | Found a shadowy altar of Dithmenos.
  2601 | D:4      | Found Rulivvom's Assorted Antiques.
  2609 | D:4      | Bought a scroll labelled ODEMAP BUUR for 32 gold pieces
  2609 | D:4      | Bought a scroll labelled FUMUPYGGOF for 32 gold pieces
  2609 | D:4      | Bought an ivory wand for 128 gold pieces
  2664 | D:5      | Entered Level 5 of the Dungeon
  2694 | D:5      | Noticed a wyvern
  2704 | D:5      | Killed a wyvern
  2706 | D:5      | Reached skill level 5 in Unarmed Combat
  2706 | D:5      | Reached XP level 7. HP: 48/48 MP: 7/7
  2900 | D:5      | Reached skill level 5 in Shapeshifting
  3116 | D:5      | Found a staircase to the Ecumenical Temple.
  3128 | Temple   | Entered the Ecumenical Temple
  3140 | Temple   | Became a worshipper of the Wu Jian Council
  3521 | D:5      | Noticed a steam dragon
  3535 | D:5      | Killed from afar by a steam dragon

Illustrated notes

Levels and vault maps discovered:
D:1:      beargit_arrival_greenhouse, layout_rooms, serial_shops,
          nicolae_shop_waterfront, chequers_garden, minmay_indecisive_spiral
D:2:      layout_loops_ring, nicolae_ecumenical_snake_handling
D:3:      layout_basic, uniq_crazy_yiuf_cottage
D:4:      layout_cave_pools, kennysheep_little_box, serial_shops,
          nicolae_lakefront_shop, kennysheep_decorative_pillar,
          minmay_misc_feat_plants, uniq_blork_the_orc
D:5:      layout_basic, temple_statues
Temple:   nicolae_temple_bog_church

Skill      XL: |  1  2  3  4  5  6  7 |
---------------+----------------------+-----
Fighting       | 2 3 4 |  4.8
Unarmed Combat | 4 5 |  5.6
Shapeshifting  | 4 5 |  5.2
Dodging        | |  2.0

Action                     |  1- 3 |  4- 6 |  7- 9 || total
---------------------------+-------+-------+-------++-------
  Melee: Unarmed           |    70 |    90 |    45 ||   205
         Constrict         |    19 |    23 |    11 ||    53
         Tentacles         |    15 |    20 |    14 ||    49
         Punch             |     2 |     3 |     2 ||     7
Ability: Lunge             |       |       |     2 ||     2
  Evoke: Wand              |       |     1 |     1 ||     2
    Use: Scroll            |       |     1 |       ||     1
   Stab: Sleeping          |     7 |     2 |       ||     9
         Distracted        |       |     1 |       ||     1
         Paralysed         |       |     6 |       ||     6
 Armour: Skin              |    25 |    33 |    30 ||    88
  Dodge: Dodged            |    25 |    51 |    23 ||    99

Table legend: (Time is in decaauts)
 A = Elapsed time spent in this place.
 B = Non-inter-level travel time spent in this place.
 C = Inter-level travel time spent in this place.
 D = Time resting spent in this place.
 E = Time spent auto-exploring this place.
 F = Levels seen in this place.
 G = Mean time per level.
                   A        B        C        D        E       F      G
               +--------+--------+--------+--------+--------+-----+--------+
         Total |   3519 |   3332 |    187 |     10 |   2696 |   6 |  586.5 |
       Dungeon |   3495 |   3330 |    165 |     10 |   2696 |   5 |  699.0 |
        Temple |     24 |      2 |     22 |      0 |      0 |   1 |   24.0 |
               +--------+--------+--------+--------+--------+-----+--------+

Top non-repeatable levels by time:
     D:5: 841 daAuts
     D:2: 793 daAuts
     D:3: 636 daAuts
     D:4: 623 daAuts
     D:1: 600 daAuts
  Temple: 24 daAuts
